Map: 하드와이어 - 래더

Players

ByuL

  • Race: Zerg Zerg

DPGCure (Cure) - Winner!

  • Race: Terran Terran

Event: DreamHack SC2 Masters Last Chance 2022

VOD

Have the link to the VOD?

Description

Time

  • Played on: Dec. 15, 2021, 4:35 a.m.
  • Length: 17:12

All games in this series

Show
View Real Time Build Order
Export as new Build Order

ByuL Zerg 

Build Orders: Hatch First 

Get SALT Encoding   

  12  0:00  Drone  
  13  0:12  Overlord  
  13  0:17  Drone  
  14  0:30  Drone x2  
  16  0:48  Hatchery  
  15  0:50  Drone  
  15  0:54  Drone  
  17  0:58  Drone  
  18  1:08  Extractor  
  17  1:13  Spawning Pool  
  17  1:16  Drone  
  17  1:19  Drone  
  18  1:28  Drone  
  19  1:39  Drone  
  20  1:49  Drone  
  21  2:00  Queen x2  
  21  2:01  Zergling x4  
  27  2:13  Hatchery  
  26  2:18  Overlord  
  26  2:21  Drone  
  27  2:24  Drone  
  28  2:37  Drone  
  28  2:38  Drone x2  
  28  2:39  Queen  
  33  2:46  Metabolic Boost  
  33  2:50  Overlord  
  33  2:55  Zergling x2  
  33  2:57  Zergling x2  
  35  3:01  Zergling x2  
  36  3:07  Zergling x2  
  36  3:12  Queen  
  37  3:13  Zergling x2  
  37  3:14  Zergling x6  
  37  3:16  Zergling x2  
  39  3:24  Queen  
  41  3:28  Zergling x2  
  41  3:33  Zergling x4  
  43  3:38  Zergling x2  
  43  3:41  Queen  
  44  3:42  Zergling x4  
  46  3:48  Zergling x2  
  46  3:50  Queen  
  48  3:56  Zergling x2  
  49  4:03  Overlord  
  49  4:04  Overlord  
  49  4:18  Evolution Chamber  
  49  4:19  Overlord  
  49  4:22  Drone x2  
  49  4:23  Drone x5  
  55  4:25  Drone  
  55  4:28  Drone  
  57  4:33  Drone x2  
  57  4:34  Drone  
  61  4:38  Drone x2  
  61  4:41  Drone  
  63  4:50  Drone x2  
  63  4:51  Drone x2  
  67  4:56  Zerg Ground Armor Level 1  
  67  4:58  Overlord  
  67  5:00  Drone x2  
  67  5:01  Drone  
  67  5:03  Drone  
  71  5:07  Overlord  
  71  5:11  Overlord  
  71  5:12  Queen  
  73  5:19  Drone x2  
  73  5:20  Drone x2, Extractor  
  76  5:24  Drone  
  76  5:28  Drone x2  
  79  5:29  Queen  
  79  5:31  Lair  
  79  5:34  Drone x2  
  79  5:35  Drone  
  84  5:37  Zergling x2  
  84  5:39  Zergling x4  
  84  5:40  Extractor  
  84  5:42  Baneling Nest, Extractor  
  85  5:45  Zergling x6  
  87  5:50  Zergling x4  
  87  5:51  Zergling x6  
  87  5:57  Queen  
  92  5:59  Zergling x4  
  92  6:00  Zergling x2  
  92  6:03  Overlord  
  97  6:07  Overlord  
  97  6:08  Overlord  
  97  6:19  Hatchery, Overlord  
  97  6:20  Overlord  
  97  6:23  Drone  
  97  6:24  Drone x2  
  97  6:25  Drone x2  
  101  6:29  Drone x3  
  101  6:30  Drone  
  105  6:33  Zergling x2  
  105  6:34  Evolution Chamber  
  105  6:35  Centrifugal Hooks  
  105  6:39  Zergling x2, Extractor  
  105  6:40  Extractor  
  105  6:42  Zergling x4  
  105  6:45  Spire  
  105  6:48  Drone  
  105  6:50  Zerg Melee Weapons Level 1  
  106  6:56  Drone, Spore Crawler  
  106  6:57  Drone x4  
  110  7:04  Drone, Zerg Ground Armor Level 2  
  110  7:07  Drone x3  
  110  7:08  Drone  
  115  7:11  Overlord  
  115  7:13  Zergling x2  
  114  7:33  Zergling x20  
  114  7:34  Hatchery  
  122  7:39  Zergling x10  
  122  7:41  Baneling x2  
  125  7:44  Zergling x4  
  125  7:46  Queen  
  125  7:49  Drone x2  
  131  8:01  Zergling x2  
  131  8:02  Drone  
  133  8:08  Drone x2  
  133  8:09  Overlord x2  
  133  8:10  Overlord x4  
  133  8:11  Zerg Flyer Weapons Level 1  
  133  8:12  Overlord, Extractor  
  134  8:16  Drone  
  130  8:31  Mutalisk  
  130  8:32  Mutalisk x10  
  130  8:33  Mutalisk  
  153  8:37  Mutalisk  
  153  8:39  Baneling  
  155  8:41  Zergling x2  
  155  8:42  Zergling x6  
  155  8:43  Baneling  
  155  8:44  Baneling  
  155  8:48  Drone x3  
  162  8:49  Drone x3  
  162  8:51  Mutalisk  
  162  8:54  Drone  
  168  8:57  Zergling x2  
  168  8:58  Zergling x4  
  168  9:01  Overseer  
  171  9:04  Pneumatized Carapace  
  171  9:05  Mutalisk  
  172  9:10  Zergling x2  
  172  9:11  Zergling x2  
  173  9:19  Mutalisk x3  
  174  9:25  Zergling x6  
  174  9:28  Zergling x4  
  174  9:29  Zergling x2  
  174  9:31  Drone x3  
  183  9:36  Mutalisk x3  
  188  9:42  Overlord  
  188  9:46  Overlord x3  
  188  9:48  Drone  
  188  9:50  Extractor  
  174  10:01  Zergling x20  
  174  10:02  Zergling x2  
  174  10:04  Drone  
  186  10:09  Zerg Melee Weapons Level 2  
  186  10:11  Zerg Flyer Weapons Level 2  
  186  10:12  Mutalisk x4  
  194  10:17  Zergling x8  
  194  10:19  Drone  
  199  10:27  Hatchery  
  198  10:30  Overseer, Overlord  
  198  10:37  Baneling x13  
  198  10:39  Baneling x2  
  198  10:40  Baneling x3  
  198  10:48  Mutalisk  
  198  10:50  Infestation Pit  
  198  10:51  Zergling x4  
  198  10:53  Baneling x5  
  199  11:19  Hatchery  
  199  11:20  Baneling x7  
  199  11:21  Baneling x6  
  151  11:35  Zergling x4  
  151  11:36  Zergling x56  
  151  11:37  Zergling x14  
  151  11:39  Zergling x4  
  190  11:40  Zergling x6  
  190  11:41  Baneling x2  
  190  11:42  Baneling x3  
  190  11:43  Drone  
  190  11:44  Drone x2  
  190  11:45  Drone x2, Queen  
  200  11:52  Hive  
  200  11:59  Baneling  
  200  12:00  Baneling x26  
  200  12:02  Overseer  
  197  12:10  Zergling x2  
  197  12:11  Zergling x2  
  197  12:12  Overseer  
  199  12:21  Baneling x8  
  195  12:43  Mutalisk  
  195  12:44  Mutalisk x3  
  182  12:46  Zergling x10  
  182  12:47  Zergling x38  
  177  12:51  Zergling x2  
  177  12:52  Zergling x4  
  177  12:53  Zergling x2  
  177  12:54  Zergling x2  
  177  12:55  Zergling x4  
  177  12:58  Zergling x6  
  184  13:01  Baneling x4  
  184  13:04  Zerg Melee Weapons Level 3, Drone x2  
  184  13:05  Drone x4  
  190  13:07  Zerg Ground Armor Level 3  
  190  13:09  Baneling x2  
  190  13:11  Baneling x2  
  190  13:13  Zergling x4  
  190  13:14  Zergling x6  
  190  13:16  Baneling x3  
  190  13:17  Baneling x2  
  195  13:20  Overseer  
  195  13:26  Zergling x12  
  199  13:42  Zerg Flyer Weapons Level 3  
  199  13:44  Hatchery  
  199  13:46  Hydralisk Den  
  197  13:51  Baneling x10  
  197  13:52  Zergling x4  
  199  14:01  Zergling x2  
  199  14:03  Baneling x3  
  199  14:04  Baneling x9  
  199  14:15  Adrenal Glands  
  199  14:17  Baneling x4  
  199  14:20  Lurker Den  
  199  14:22  Hatchery  
  195  14:25  Zergling x2  
  195  14:26  Zergling x6  
  199  14:32  Extractor  
  199  14:33  Extractor  
  199  14:37  Baneling x2  
  194  14:49  Zergling x4  
  194  14:50  Zergling x18  
  200  14:55  Zergling x6  
  200  14:58  Muscular Augments  
  199  15:06  Zergling x2  
  198  15:07  Zergling x8  
  199  15:20  Seismic Spines  
  195  15:25  Zergling x12  
  195  15:26  Zergling x36  
  184  15:28  Hydralisk  
  184  15:30  Zergling x4  
  184  15:31  Baneling x8  
  184  15:32  Zergling x4  
  168  15:38  Zergling x6  
  153  15:43  Zergling x4  
  153  15:47  Zergling x4  
  140  15:53  Hydralisk  
  140  15:56  Zergling x4  
  122  16:00  Baneling x3, Lurker, Zergling x4  
  122  16:01  Zergling x6  
  122  16:02  Baneling x6  
  122  16:03  Baneling x5  
  128  16:05  Zergling x2  
  128  16:06  Hydralisk x2  
  128  16:07  Zergling x2  
  128  16:08  Zergling x16  
  128  16:11  Zergling x2  
  143  16:18  Overseer  
  143  16:20  Lurker  
  143  16:23  Hydralisk x4  
  143  16:25  Hydralisk  
  152  16:26  Hydralisk x3  
  152  16:30  Overseer  
  152  16:31  Zergling x4  
  162  16:33  Zergling x2  
  162  16:34  Lurker x2  
  162  16:39  Zergling x2  
  166  16:45  Hydralisk  
  166  16:46  Hydralisk x2  
  166  16:47  Hydralisk x8  
  156  16:49  Zergling x4  
  156  16:50  Zergling x14  
  138  16:54  Zergling x2  
  138  16:55  Zergling x4  
  138  16:59  Lurker  
  138  17:00  Lurker x7  
Show
View Real Time Build Order
Export as new Build Order

DPGCure Terran - Winner!

Build Orders:  

Get SALT Encoding   

  12  0:00  SCV  
  13  0:12  SCV  
  14  0:17  Supply Depot  
  14  0:24  SCV  
  15  0:38  SCV  
  15  0:40  Barracks  
  15  0:42  Refinery  
  16  0:50  SCV  
  16  0:57  Barracks  
  17  1:03  SCV  
  18  1:15  SCV  
  18  1:18  Barracks  
  19  1:25  Refinery  
  19  1:29  Reaper  
  20  1:37  Supply Depot  
  20  1:43  Reaper  
  21  1:55  Orbital Command  
  21  2:01  Reaper  
  21  2:05  Reaper  
  24  2:15  Reaper  
  24  2:16  Supply Depot  
  24  2:20  SCV  
  25  2:33  Reaper  
  25  2:34  SCV  
  27  2:37  Reaper  
  28  2:47  SCV, Reaper  
  30  2:59  SCV  
  32  3:05  Reaper  
  32  3:09  Reaper  
  32  3:16  SCV  
  32  3:19  Reaper  
  34  3:22  Command Center  
  33  3:37  Reaper  
  33  3:38  SCV  
  36  3:50  SCV  
  36  3:51  Barracks Tech Lab  
  36  3:54  Barracks Reactor  
  36  3:59  Command Center  
  36  4:02  SCV  
  37  4:10  Marine  
  37  4:11  Supply Depot, Stimpack  
  37  4:14  Barracks Reactor  
  37  4:16  SCV  
  39  4:30  Factory  
  39  4:33  SCV  
  39  4:34  Orbital Command  
  39  4:36  Marine  
  41  4:39  Marine x2  
  41  4:45  SCV  
  44  4:51  Marine  
  44  4:52  Marine  
  46  4:54  Marine  
  46  4:57  Marine x2  
  46  4:58  SCV  
  46  4:59  SCV  
  51  5:10  Orbital Command  
  51  5:11  SCV x2  
  53  5:14  Factory Reactor  
  53  5:15  Starport  
  53  5:23  SCV x2  
  53  5:24  Engineering Bay  
  53  5:26  Engineering Bay  
  55  5:30  Marine x3  
  55  5:32  Marine x2  
  60  5:36  SCV x3  
  60  5:42  Supply Depot  
  63  5:48  Supply Depot  
  63  5:49  SCV x3  
  66  5:53  Terran Infantry Armor Level 1  
  66  5:57  Combat Shield  
  66  6:03  Medivac  
  68  6:05  Refinery  
  68  6:07  Medivac, Refinery  
  68  6:08  SCV x3  
  73  6:11  Marine x4  
  73  6:12  Marine  
  78  6:19  Terran Infantry Weapons Level 1  
  78  6:21  SCV x2  
  78  6:23  Factory Tech Lab  
  78  6:24  Supply Depot  
  80  6:32  Marine x4  
  80  6:33  SCV x2, Marine  
  80  6:34  Supply Depot  
  87  6:45  Orbital Command  
  87  6:46  SCV x2, Siege Tank  
  92  6:50  Supply Depot  
  92  6:53  Marine x5  
  97  6:58  Supply Depot  
  97  6:59  Medivac  
  99  7:08  SCV x2  
  101  7:11  Medivac  
  103  7:18  SCV  
  103  7:19  Barracks x2  
  103  7:20  SCV x2  
  106  7:29  Armory  
  105  7:30  SCV  
  105  7:32  SCV, Siege Tank  
  105  7:36  Marine x4  
  114  7:38  Marine  
  115  7:45  SCV x3  
  118  7:51  Supply Depot  
  118  7:54  Medivac x2  
  118  7:55  Supply Depot  
  122  8:06  Marine x3  
  122  8:08  Barracks Reactor x2  
  122  8:12  Marine x2  
  125  8:13  SCV x3  
  125  8:15  Supply Depot  
  125  8:16  Supply Depot  
  125  8:17  Siege Tank  
  133  8:26  Supply Depot  
  132  8:27  SCV x3  
  132  8:29  Refinery  
  132  8:30  Refinery  
  132  8:31  Factory  
  135  8:37  Marine x5  
  140  8:44  Terran Infantry Weapons Level 2, Terran Infantry Armor Level 2  
  140  8:46  Missile Turret  
  140  8:50  SCV, Terran Vehicle Weapons Level 1  
  140  8:51  SCV x2  
  143  8:56  Supply Depot  
  143  8:59  Supply Depot  
  143  9:04  Command Center  
  143  9:08  SCV  
  143  9:09  SCV x2  
  145  9:12  Supply Depot  
  145  9:13  Supply Depot, Marine x4  
  145  9:14  Marine x2  
  145  9:15  Siege Tank  
  154  9:26  Factory Reactor  
  154  9:29  Missile Turret  
  154  9:36  Marine x8  
  154  9:38  Missile Turret  
  150  9:39  Missile Turret  
  149  9:55  Marine x8  
  143  10:03  Widow Mine x2, Thor  
  150  10:17  Barracks x2  
  150  10:19  Marauder, Medivac  
  150  10:20  Medivac  
  156  10:22  Barracks  
  156  10:24  Widow Mine x2  
  156  10:25  Barracks Reactor  
  160  10:30  Marine x5  
  160  10:31  Marine  
  160  10:33  Sensor Tower  
  166  10:36  Missile Turret  
  166  10:37  Missile Turret  
  166  10:45  Missile Turret  
  166  10:50  Planetary Fortress  
  166  10:52  Terran Vehicle And Ship Armor Level 1  
  166  10:54  SCV x3  
  166  10:56  Marauder, Thor  
  166  10:57  Widow Mine x2  
  181  11:03  Barracks Tech Lab  
  181  11:05  Barracks Tech Lab  
  181  11:11  Missile Turret  
  181  11:12  Barracks Tech Lab  
  181  11:15  Missile Turret  
  181  11:16  Missile Turret, Terran Infantry Weapons Level 3  
  181  11:17  Missile Turret  
  181  11:24  Marauder, Marine x4  
  181  11:25  Marauder x2  
  174  11:37  Missile Turret x2  
  174  11:38  Missile Turret  
  173  11:41  Medivac x2  
  173  11:44  SCV x3  
  180  11:52  Terran Infantry Armor Level 3  
  180  11:58  Supply Depot  
  180  11:59  Supply Depot x2  
  180  12:07  SCV  
  178  12:10  SCV x2  
  178  12:14  Missile Turret  
  180  12:20  Marauder x3, SCV x2  
  180  12:21  Marauder  
  187  12:30  Thor  
  187  12:31  Widow Mine x2  
  195  12:39  Medivac x2  
  164  12:51  Marauder x3, Marine x6  
  164  12:52  Marauder  
  164  12:54  Command Center  
  164  12:57  SCV x2  
  171  13:09  Medivac  
  171  13:11  Widow Mine x2  
  177  13:15  Missile Turret  
  177  13:16  SCV x3  
  177  13:18  Sensor Tower  
  180  13:27  Concussive Shells  
  180  13:36  Widow Mine  
  180  13:37  Widow Mine x2  
  180  13:39  Marauder  
  188  13:54  Supply Depot  
  188  13:56  Command Center  
  188  14:06  Marauder x4  
  188  14:07  Planetary Fortress  
  196  14:26  Widow Mine x2  
  200  14:33  Barracks  
  200  14:37  Barracks  
  200  14:41  Terran Vehicle And Ship Armor Level 2, Neosteel Armor  
  200  14:42  Hi-Sec Auto Tracking  
  200  14:44  Missile Turret, Command Center  
  197  14:45  Command Center  
  197  14:47  Missile Turret  
  197  14:50  Marauder x2, Marine  
  200  14:58  Drilling Claws  
  200  15:06  Marauder, Marine x3  
  200  15:11  Missile Turret  
  198  15:25  Marine x4  
  198  15:26  Marauder x3  
  198  15:28  Thor  
  199  15:30  SCV x2  
  199  15:31  SCV  
  193  15:36  Marauder, Marine x4  
  196  15:51  Marauder, Marine x3  
  196  15:52  Marine x2  
  196  15:53  Marauder, Marine x2  
  196  15:56  Marine  
  197  15:57  Marauder  
  197  15:59  Marine  
  197  16:01  Planetary Fortress  
  200  16:24  Marine  
  200  16:31  Missile Turret, Orbital Command  
  200  16:35  Missile Turret  
  196  16:52  Marine x4  
  190  16:59  SCV x2  
  190  17:00  SCV  

Tags
 
Add a new tag
Caveats
  • Supply blocks, unpowered buildings, or Contaminate may cause inaccurate times.
  • Supply counts are checked every 10 seconds.